[Event "Early-Titled-Tuesday-Blitz-March-19-2024"]
[Site "Chess.com"]
[Date "2024.03.19"]
[Round "6"]
[White "DanielTitichoca"]
[Black "MatyChess1"]
[Result "1/2-1/2"]
[WhiteElo "2482"]
[BlackElo "2652"]
[TimeControl "180+1"]
[EndTime "9:05:29 PDT"]
[Termination "Game drawn by repetition"]

1. c4 e5 2. Nc3 Nf6 3. Nf3 Nc6 4. e3 Bb4 5. Qc2 Bxc3 6. Qxc3 Qe7 7. d4 e4 8. d5 exf3 9. dxc6 fxg2 10. cxd7+ Bxd7 11. Bxg2 O-O-O 12. b3 Ne4 13. Qc2 Bc6 14. O-O h5 15. f3 Rh6 16. fxe4 Rg6 17. Rf4 Qb4 18. a3 Qe1+ 19. Rf1 Qh4 20. Rf4 Qe1+ 21. Rf1 Qh4 22. Rf4 Qe1+ 1/2-1/2

[Event "Early-Titled-Tuesday-Blitz-March-19-2024"]
[Site "Chess.com"]
[Date "2024.03.19"]
[Round "6"]
[White "ChainedDowntohell"]
[Black "ChessFanNM"]
[Result "1-0"]
[WhiteElo "2516"]
[BlackElo "2261"]
[TimeControl "180+1"]
[EndTime "9:05:33 PDT"]
[Termination "ChainedDowntohell won by resignation"]

1. d4 d5 2. c4 e6 3. Nc3 Nf6 4.
cxd5 Nxd5 5. Nf3 c5 6. e3 Nc6 7. Bd3 cxd4 8. exd4 Be7 9. O-O O-O 10. Re1 Bf6 11.
a3 Nxd4 12. Nxd4 Bxd4 13. Bxh7+ Kxh7 14. Qxd4 Nxc3 15. Qxc3 Bd7 16. Be3 Bc6 17. Rad1 Bd5 18. Rd4 Rc8 19. Qd3+ f5 20. Bf4 Qb6 21. Be5 Rf7 22.
Qh3+ Kg8 23. Rh4 Kf8 24. Rh8+ Ke7 25. Rxc8 1-0

[Event "Early-Titled-Tuesday-Blitz-March-19-2024"]
[Site "Chess.com"]
[Date "2024.03.19"]
[Round "6"]
[White "GOGIEFF"]
[Black "Sina_Movahed"]
[Result "1-0"]
[WhiteElo "3021"]
[BlackElo "3081"]
[TimeControl "180+1"]
[EndTime "9:05:35 PDT"]
[Termination "GOGIEFF won by resignation"]

1. c4 Nf6 2. Nc3 g6 3. e4 d6 4. d4 Bg7 5. Nf3 O-O 6. Be2 e5 7. O-O exd4 8. Nxd4 Re8 9. f3 c6 10. Nc2 Na6 11. Kh1 Be6 12. Be3 Qe7 13. Qd2 h5 14. Rad1 Rad8 15. Bxa7 h4 16. Bb6 Rd7 17. Nd4 Nh5 18.
Nxe6 fxe6 19. f4 Nf6 20. Qe1 h3 21. gxh3 c5 22. Qg3 Qf7 23. e5 dxe5 24. fxe5 Rxd1 25. Nxd1 Nh5 26. Qg5 Qd7 27. Qxg6 Re7 28. Qxh5 Qc6+ 29. Bf3 Qxb6 30. Be4 Bf8 31. Qg6+ 1-0

[Event "Early-Titled-Tuesday-Blitz-March-19-2024"]
[Site "Chess.com"]
[Date "2024.03.19"]
[Round "6"]
[White "only_strong_moves"]
[Black "Njal28"]
[Result "0-1"]
[WhiteElo "2629"]
[BlackElo "3051"]
[TimeControl "180+1"]
[EndTime "9:05:35 PDT"]
[Termination "Njal28 won on time"]

1. Nc3 Nc6 2. Nf3 d5 3. e4 d4 4. Ne2 Nf6 5. Ng3 h5 6. e5 h4 7. exf6 hxg3 8. fxe7 Qxe7+ 9. Qe2 gxf2+ 10. Kxf2 Be6 11. d3 O-O-O 12. Bg5 f6 13. Bf4 Qd7 14.
Re1 Bd5 15. c4 dxc3 16. bxc3 g5 17. Bg3 g4 18. Nd4 Bc5 19. Bf4 Nxd4 20. cxd4 Bxd4+ 21.
Kg3 f5 22. Qe7 Bc3 23. Qxd7+ Rxd7 24. Rc1 Bb2 25. Rc5 Bd4 26. Rc2 Bf6 27. Kf2 Re7 28. Be2 Bh4+ 29. Kf1 Rhe8 30. Rg1 c6 31. g3 Bf6 32.
Bd6 Re6 33. Bf4 Bd4 0-1

[Event "Early-Titled-Tuesday-Blitz-March-19-2024"]
[Site "Chess.com"]
[Date "2024.03.19"]
[Round "6"]
[White "Viktoker"]
[Black "madmax011"]
[Result "1-0"]
[WhiteElo "2548"]
[BlackElo "2316"]
[TimeControl "180+1"]
[EndTime "9:05:37 PDT"]
[Termination "Viktoker won by resignation"]

1. e4 c5 2. Nf3 d6 3. d4 cxd4 4. Nxd4 Nf6 5. Nc3 a6 6. h4 e5 7. Nf5 d5 8. Bg5 Bxf5 9. exf5 d4 10. Ne4 Be7 11. Bxf6 Bxf6 12. Qg4 Qa5+ 13. c3 dxc3 14. bxc3 Nd7 15. Bc4 O-O 16. O-O Rac8 17. Bb3 Be7 18. Rad1 Nf6 19. Nxf6+ Bxf6 20. Rd6 Be7 21. Rd7 Rc7 22.
Rxe7 Rxe7 23. f6 g6 24. fxe7 Re8 25. Qd7 Qb5 26. Qd8 Kg7 27. Rd1 a5 28. Rd5 Qc6 29. Rxe5 Kf6 30. Qd4 Kg7 31. Re6+ 1-0

[Event "Early-Titled-Tuesday-Blitz-March-19-2024"]
[Site "Chess.com"]
[Date "2024.03.19"]
[Round "6"]
[White "Rud_Makarian"]
[Black "kassablanca"]
[Result "1-0"]
[WhiteElo "2973"]
[BlackElo "2769"]
[TimeControl "180+1"]
[EndTime "9:05:38 PDT"]
[Termination "Rud_Makarian won by resignation"]

1. d4 d5 2. c4 e6 3. Nf3 Nf6 4.
g3 c5 5. Bg2 Nc6 6. O-O Be7 7.
cxd5 exd5 8. dxc5 Bxc5 9. b3 O-O 10. Bb2 Ne4 11. Nc3 Nxc3 12. Bxc3 d4 13. Bb2 Re8 14. Rc1 Bb6 15. a3 a5 16. Qd2 Be6 17. Qd3 Bd5 18.
Rfd1 h6 19. Rd2 Be4 20. Qb5 Na7 21. Qa4 Bc6 22. Qc4 Bb5 23. Qc2 Rc8 24. Qd1 Rxc1 25.
Bxc1 Nc6 26. Bb2 Qe7 27. Bf1 Bc5 28. a4 Ba6 29. Nxd4 Nxd4 30. Bxd4 Bxd4 31. Rxd4 Bxe2 32. Bxe2 Qxe2 33. Qxe2 Rxe2 34. Rd8+ Kh7 35. Rd7 b6 36. Rxf7 Rb2 37. Rf3 g5 38. g4 h5 39. Rh3 h4 40.
Rf3 Kg6 41. h3 Kg7 42. Kf1 Kg6 43. Ke1 Kg7 44. Kd1 Kg6 45. Kc1 Kg7 46. Kxb2 1-0

[Event "Early-Titled-Tuesday-Blitz-March-19-2024"]
[Site "Chess.com"]
[Date "2024.03.19"]
[Round "6"]
[White "francyIM"]
[Black "GMBenjaminBok"]
[Result "0-1"]
[WhiteElo "2823"]
[BlackElo "2976"]
[TimeControl "180+1"]
[EndTime "9:05:40 PDT"]
[Termination "GMBenjaminBok won by resignation"]

1. d4 Nf6 2. g3 d5 3. Bg2 Bf5 4. c4 c6 5. Qb3 Qb6 6. Nc3 e6 7. Na4 Qa6 8. c5 Nbd7 9. Bf1 b5 10. Nc3 Qb7 11. a4 b4 12. a5 Bxc5 13.
dxc5 Nxc5 14. Qd1 bxc3 15. bxc3 Nb3 16. Ra3 Nxc1 17. Qxc1 Rb8 18. Nf3 Qb1 19. Ra1 Qxc1+ 20. Rxc1 Ke7 21. Nd4 Rhc8 22. Nxf5+ exf5 23. c4 dxc4 24.
e3 Rb5 25. Bxc4 Rxa5 26. O-O Rc5 27. Bd3 Rxc1 28. Rxc1 g6 29. Ra1 Rc7 30. f3 Nd5 31. Bc4 Nb6 32. Bb3 c5 33. Kf2 c4 34. Bc2 Rd7 35. Ke2 c3 36. Ra3 Rd2+ 0-1

[Event "Early-Titled-Tuesday-Blitz-March-19-2024"]
[Site "Chess.com"]
[Date "2024.03.19"]
[Round "6"]
[White "Lovetov"]
[Black "Pragmatist237"]
[Result "1-0"]
[WhiteElo "2542"]
[BlackElo "2262"]
[TimeControl "180+1"]
[EndTime "9:05:40 PDT"]
[Termination "Lovetov won by resignation"]

1. Nf3 d5 2. e3 g6 3. c4 c6 4. Nc3 Bg7 5. d4 Nf6 6. Be2 O-O 7. O-O a6 8. b4 Bf5 9. cxd5 Nxd5 10. Qb3 Nxc3 11.
Qxc3 Nd7 12. Bb2 Bg4 13. Rfd1 Qc7 14. h3 Bxf3 15. Bxf3 e5 16. d5 c5 17. d6 Qb6 18.
bxc5 Nxc5 19. Ba3 Na4 20. Qb3 e4 21. Qxa4 exf3 22. Rab1 Qd8 23. gxf3 Qg5+ 24. Qg4 Qxg4+ 25. hxg4 Rfb8 26. d7 Bf6 27. Bd6 Rd8 28. Rxb7 a5 29. f4 h6 30. e4 Ra6 31. Bc7 1-0

[Event "Early-Titled-Tuesday-Blitz-March-19-2024"]
[Site "Chess.com"]
[Date "2024.03.19"]
[Round "6"]
[White "FREZZY23"]
[Black "azikom"]
[Result "0-1"]
[WhiteElo "2411"]
[BlackElo "2617"]
[TimeControl "180+1"]
[EndTime "9:05:41 PDT"]
[Termination "azikom won by resignation"]

1. Nf3 c5 2. g3 Nc6 3. Bg2 g6 4. O-O Bg7 5. c4 d6 6. Nc3 Bg4 7. d3 Qd7 8. a3 Bh3 9. Bd2 Bxg2 10. Kxg2 h5 11. h4 Nh6 12. Rb1 Nf5 13. b4 b6 14. bxc5 dxc5 15. e4 Nfd4 16. Nxd4 Nxd4 17. Be3 e6 18. f4 O-O 19. e5 Nf5 20. Bf2 Rfd8 21. Ne4 Qxd3 22. Qxd3 Rxd3 23. Rfd1 Rxa3 24. Rd7 Ra4 25. Rc1 a5 26. Ng5 Rf8 27. Rb7 Rb4 28. Rd1 Bh6 29. Ne4 Rxc4 30. Nf6+ Kg7 31. Rxb6 Rc2 32.
Kg1 a4 33. Ra1 Rc3 34. Rxa4 Nxg3 35. Ra7 Ne2+ 36. Kf1 Nxf4 37. Rbb7 Rc1+ 38. Be1 Nd3 39. Ke2 Nxe1 40. Nd7 Rd8 41. Kf2 Nd3+ 42. Kf3 c4 43. Ke4 Re1+ 44. Kd4 Be3+ 45. Kxc4 Bxa7 0-1

[Event "Early-Titled-Tuesday-Blitz-March-19-2024"]
[Site "Chess.com"]
[Date "2024.03.19"]
[Round "6"]
[White "KetiTsatsalashvili"]
[Black "Daaksboy"]
[Result "0-1"]
[WhiteElo "2475"]
[BlackElo "2062"]
[TimeControl "180+1"]
[EndTime "9:05:43 PDT"]
[Termination "Daaksboy won on time"]

1. d4 d5 2. Nf3 Nf6 3. c4 e6 4.
Nc3 Nbd7 5. Bg5 Bb4 6. e3 c5 7. cxd5 exd5 8. Bd3 Qa5 9. O-O c4 10. Bf5 Bxc3 11. bxc3 Qxc3 12. Bxf6 Nxf6 13. Qa4+ Bd7 14. Bxd7+ Nxd7 15. Ne5 Rd8 16. Rfc1 Qd2 17. Rc2 b5 18. Qa3 Qxc2 19. Nc6 Qe4 20. Nxd8 Kxd8 21. Qxa7 Ke7 22. Qa3+ Ke6 23. Qa6+ Ke7 24. Qxb5 Rb8 25. Qa5 Rb1+ 26. Rxb1 Qxb1+ 0-1

[Event "Early-Titled-Tuesday-Blitz-March-19-2024"]
[Site "Chess.com"]
[Date "2024.03.19"]
[Round "6"]
[White "bangchess21"]
[Black "AryanTari"]
[Result "0-1"]
[WhiteElo "2839"]
[BlackElo "3012"]
[TimeControl "180+1"]
[EndTime "9:05:44 PDT"]
[Termination "AryanTari won by resignation"]

1. d4 d5 2. Nc3 Nf6 3. Bf4 g6 4. e3 Bg7 5. h4 h5 6. Nf3 O-O 7. Ne5 c5 8. Qd2 cxd4 9. exd4 Nc6 10. f3 Qa5 11. Bb5 Bd7 12. Bxc6 bxc6 13. O-O Rfc8 14.
Nd3 Bf5 15. Nc5 Nd7 16. Nb3 Qd8 17. Na4 e5 18. Bg5 Qc7 19. Rae1 Re8 20. c3 a5 21. Nbc5 Nxc5 22. Nxc5 f6 23. Bh6 Bxh6 24. Qxh6 exd4 25. cxd4 Qg3 26. Qd2 Qxh4 27. Nb7 Qg3 28. Qf2 Qxf2+ 29. Kxf2 Reb8 30. Re7 Ra7 0-1

[Event "Early-Titled-Tuesday-Blitz-March-19-2024"]
[Site "Chess.com"]
[Date "2024.03.19"]
[Round "6"]
[White "EternalNight8"]
[Black "Evandro_Barbosa"]
[Result "0-1"]
[WhiteElo "2499"]
[BlackElo "2684"]
[TimeControl "180+1"]
[EndTime "9:05:44 PDT"]
[Termination "Evandro_Barbosa won by resignation"]

1. d4 Nf6 2. Bg5 Ne4 3. Bf4 c5 4. f3 Nf6 5. dxc5 b6 6. e4 bxc5 7. Nc3 Nc6 8. Bc4 g6 9. Nge2 Bg7 10. Qd2 O-O 11. h4 h5 12. e5 Ne8 13. Qe3 Rb8 14.
e6 dxe6 15. Bxb8 Nxb8 16. O-O Nd6 17. Qxc5 Nxc4 18. Qxc4 Qb6+ 19. Kh1 Ba6 20. Qb3 Qe3 21. Rae1 Nc6 22. Qa4 Qb6 23. Qb3 Qc7 24. Nb5 Qb8 25. a4 Bf6 26. g3 Bb7 27. Nf4 Ne5 28.
Nd4 Qa8 29. Kg2 Rd8 30. c3 Nxf3 31. Nxf3 e5 32. Nxg6 Rd2+ 33. Kg1 Bxf3 34. Nxe5 Rg2+ 35. Kh1 Rxb2+ 36. Nxf3 Rxb3 37. a5 Rxc3 38. Kg2 Qd5 0-1

[Event "Early-Titled-Tuesday-Blitz-March-19-2024"]
[Site "Chess.com"]
[Date "2024.03.19"]
[Round "6"]
[White "hitaman"]
[Black "andrzej"]
[Result "0-1"]
[WhiteElo "2684"]
[BlackElo "2520"]
[TimeControl "180+1"]
[EndTime "9:05:46 PDT"]
[Termination "andrzej won by resignation"]

1. e4 e5 2. Nf3 Nf6 3. Nc3 Bb4 4. Nxe5 O-O 5. Nd3 Bxc3 6. dxc3 Nxe4 7. Be2 Re8 8. O-O d6 9. f3 Nf6 10. Bg5 h6 11.
Bh4 Nbd7 12. Re1 Nf8 13. Bf1 g5 14. Bf2 Ng6 15. Qd2 Bf5 16. c4 b6 17. a4 a5 18. b3 Ne5 19. Nxe5 dxe5 20. Qc3 Qd6 21. Rad1 Qb4 22. Qb2 Nd7 23. c5 Nxc5 24. Rxe5 Rxe5 25. Qxe5 Bxc2 26. Bd4 Kf8 27. Re1 Ne6 28. Qh8+ Ke7 29. Bf6+ Kd7 30. Rxe6 Rxh8 31. Bb5+ Kxe6 0-1

[Event "Early-Titled-Tuesday-Blitz-March-19-2024"]
[Site "Chess.com"]
[Date "2024.03.19"]
[Round "6"]
[White "AktilekAskarovich"]
[Black "NikitaShnadrygin"]
[Result "0-1"]
[WhiteElo "2359"]
[BlackElo "2689"]
[TimeControl "180+1"]
[EndTime "9:05:47 PDT"]
[Termination "NikitaShnadrygin won by resignation"]

1. d4 d5 2. c4 Nc6 3. cxd5 Qxd5 4. Nf3 e5 5. Nc3 Bb4 6. Bd2 Bxc3 7. Bxc3 e4 8. Nd2 e3 9. fxe3 Nf6 10. Nf3 O-O 11. h3 Re8 12. Qd3 Bf5 13. Qd1 Rxe3 14. Qb3 Qd6 15.
Qxb7 Rb8 16. Qa6 Ne4 17. Rc1 Qg3+ 18. Kd1 Nf2+ 19. Kd2 Qf4 20. Ke1 Nd3+ 21. Kd1 Rxf3 22. exd3 Rxf1+ 23. Rxf1 Qxf1+ 24. Kc2 Qe2+ 0-1

[Event "Early-Titled-Tuesday-Blitz-March-19-2024"]
[Site "Chess.com"]
[Date "2024.03.19"]
[Round "6"]
[White "Fjal"]
[Black "cthake"]
[Result "1-0"]
[WhiteElo "2325"]
[BlackElo "1794"]
[TimeControl "180+1"]
[EndTime "9:05:47 PDT"]
[Termination "Fjal won on time"]

1. Nf3 f5 2. g3 e6 3. Bg2 Nf6 4. O-O Be7 5. d3 O-O 6. Nbd2 d5 7. e4 fxe4 8. dxe4 c6 9. Qe2 Qe8 10. Re1 Bc5 11. e5 Nfd7 12. Nb3 Bb6 13. Bd2 a5 14. a4 Na6 15. Bc3 Nac5 16. Nxc5 Bxc5 17.
Rad1 b6 18. h4 Ba6 19. Qd2 Qg6 20. Bd4 Bb4 21. c3 Be7 22. b3 c5 23. Be3 h6 24.
Bf4 Rf7 25. Bh3 Raf8 26. h5 Qxh5 27. Bxe6 Nb8 28. Qxd5 Bc8 29. g4 Bxe6 30. Qxe6 Qh3 31. Re3 Kh7 32. Ng5+ Bxg5 33. Rxh3 Rxf4 34. f3 Na6 35.
Qxb6 Nb8 36. Kg2 c4 37. Rd4 cxb3 38. Qxb3 Rxd4 39. cxd4 Nc6 40. Qc2+ Kg8 41. Qxc6 Rb8 42. Rh1 1-0

[Event "Early-Titled-Tuesday-Blitz-March-19-2024"]
[Site "Chess.com"]
[Date "2024.03.19"]
[Round "6"]
[White "Meri-Arabidze"]
[Black "Happy1712Drummer"]
[Result "1-0"]
[WhiteElo "2679"]
[BlackElo "2455"]
[TimeControl "180+1"]
[EndTime "9:05:49 PDT"]
[Termination "Meri-Arabidze won on time"]

1. d4 d5 2. c4 e6 3. Nc3 c5 4. e3 Nf6 5. Nf3 Nc6 6. a3 dxc4 7. Bxc4 a6 8. O-O b5 9. Ba2 Bb7 10. Qe2 cxd4 11. Rd1 Be7 12. exd4 O-O 13. d5 exd5 14.
Nxd5 Nxd5 15. Bxd5 Qc7 16. Qe4 Na5 17. Bf4 Bxd5 18.
Rxd5 Qb7 19. Rad1 Bf6 20. Ng5 g6 21. b4 Nc4 22. Nxh7 Bg7 23. Nxf8 Rxf8 24. Qf3 Qe7 25. Bg5 Qe6 26. h4 Re8 27. Rd8 1-0

[Event "Early-Titled-Tuesday-Blitz-March-19-2024"]
[Site "Chess.com"]
[Date "2024.03.19"]
[Round "6"]
[White "Bob_2004"]
[Black "Zq1"]
[Result "0-1"]
[WhiteElo "2396"]
[BlackElo "2593"]
[TimeControl "180+1"]
[EndTime "9:05:49 PDT"]
[Termination "Zq1 won on time"]

1. d4 Nf6 2. c4 a6 3. Nc3 c5 4. d5 b5 5. cxb5 axb5 6. e4 b4 7. Nb5 d6 8. Bf4 g6 9. e5 Nh5 10. exd6 exd6 11. Qe2+ Kd7 12. Be3 Ba6 13. a4 Bg7 14. g4 Nf6 15. Bg2 Kc8 16. g5 Nh5 17.
Nh3 Bxb5 18. Qxb5 Bxb2 19. O-O Ra5 20. Qe2 Bxa1 21. Rxa1 Re8 22. Qc4 Nd7 23. Rc1 Qb6 24.
Nf4 Qa6 25. Qxb4 Rxa4 26. Qb2 Nxf4 27. Bxf4 Rxf4 0-1

[Event "Early-Titled-Tuesday-Blitz-March-19-2024"]
[Site "Chess.com"]
[Date "2024.03.19"]
[Round "6"]
[White "MagnusCarlsen"]
[Black "VincentKeymer"]
[Result "1-0"]
[WhiteElo "3269"]
[BlackElo "3064"]
[TimeControl "180+1"]
[EndTime "9:05:51 PDT"]
[Termination "MagnusCarlsen won by resignation"]

1. g3 d5 2. Bg2 c6 3. d3 Nf6 4.
Nd2 e5 5. e4 Bd6 6. Ngf3 O-O 7.
O-O Re8 8. Re1 Nbd7 9. b3 a5 10. a3 d4 11. Nh4 Nf8 12. Ndf3 Ng6 13. Nf5 Bc7 14. h4 a4 15. b4 h6 16. Nh2 Ne7 17.
g4 Ng6 18. g5 hxg5 19. hxg5 Nh7 20. Qh5 Nf4 21. Bxf4 exf4 22. g6 fxg6 23. Qxg6 Bxf5 24. exf5 Nf6 25. Nf3 Qd6 26. Ng5 Qd7 27. Re6 Rxe6 28. fxe6 Qe8 29. Qf7+ Qxf7 30. exf7+ Kf8 31. Ne6+ Kxf7 32.
Nxc7 Rd8 33. Re1 Rd6 34. Bh3 g5 35. Bf5 b6 36. Ne6 Rd5 37. Nxg5+ Kg7 38. Ne6+ Kh6 39.
Bh3 1-0

[Event "Early-Titled-Tuesday-Blitz-March-19-2024"]
[Site "Chess.com"]
[Date "2024.03.19"]
[Round "6"]
[White "ajeale2"]
[Black "IMchanged"]
[Result "0-1"]
[WhiteElo "2455"]
[BlackElo "2678"]
[TimeControl "180+1"]
[EndTime "9:05:51 PDT"]
[Termination "IMchanged won by resignation"]

1. e4 c6 2. d4 d5 3. e5 Bf5 4. Bd3 Qc8 5. Nf3 Bg4 6. O-O e6 7. c4 dxc4 8. Bxc4 Nd7 9. Nc3 Nb6 10. Be2 Ne7 11. a4 a5 12. Qb3 Ned5 13. Ne4 Qd8 14. Bg5 Qc7 15. h3 Bf5 16. Bd3 h6 17. Bd2 Bxe4 18.
Bxe4 Bb4 19. Rac1 Qe7 20. Be3 O-O-O 21. Rc2 f5 22. exf6 gxf6 23. Bd3 Rhg8 24. Kh1 Nxe3 25. fxe3 Nd5 26. Bc4 Kb8 27. Nd2 f5 28. Nf3 Bd6 29. Ne5 Bxe5 30. dxe5 Rg3 31. Re2 Qc5 32. Bxd5 Qxd5 33.
Qc2 Rxh3+ 34. Kg1 Rg3 35. Kf2 Rxg2+ 36. Ke1 Rxe2+ 37. Kxe2 Qxe5 38. Rf4 Qd5 39. Rd4 Qg2+ 40. Kd3 Qxc2+ 41. Kxc2 Rxd4 42. exd4 h5 0-1

[Event "Early-Titled-Tuesday-Blitz-March-19-2024"]
[Site "Chess.com"]
[Date "2024.03.19"]
[Round "6"]
[White "Cheer_Down"]
[Black "Mikasinski"]
[Result "0-1"]
[WhiteElo "2448"]
[BlackElo "2647"]
[TimeControl "180+1"]
[EndTime "9:05:51 PDT"]
[Termination "Mikasinski won by resignation"]

1. e4 c5 2. Nf3 d6 3. d4 cxd4 4. Nxd4 Nf6 5. Nc3 a6 6. Rg1 e5 7.
Nb3 Be6 8. f4 d5 9. fxe5 Nxe4 10. Nxe4 dxe4 11. Qxd8+ Kxd8 12. Be3 Nd7 13. O-O-O Kc7 14.
g3 Nxe5 15. Bf4 f6 16. Bg2 Bd6 17. Bxe4 Rad8 18. Nd4 Bg4 19. Bf5 Bxd1 20. Ne6+ Kb8 21. Nxd8 Bf3 22. Ne6 g6 23. Rf1 Bd5 24. Bh3 g5 25. Bd2 g4 26. Nf4 Bc4 27. Rd1 gxh3 28. Nh5 Be2 29. Re1 Bxh5 0-1

[Event "Early-Titled-Tuesday-Blitz-March-19-2024"]
[Site "Chess.com"]
[Date "2024.03.19"]
[Round "6"]
[White "Barbix1"]
[Black "Dacean99"]
[Result "0-1"]
[WhiteElo "2277"]
[BlackElo "2636"]
[TimeControl "180+1"]
[EndTime "9:05:57 PDT"]
[Termination "Dacean99 won by checkmate"]

1. d4 c5 2. d5 Nf6 3. Nc3 d6 4. e4 g6 5. Bc4 Bg7 6. Nge2 O-O 7.
O-O Na6 8. a4 Nc7 9. h3 Rb8 10.
f4 b6 11. e5 Nd7 12. exd6 exd6 13. Ne4 Nf6 14. N2c3 Ba6 15. Bxa6 Nxa6 16. f5 Re8 17. Qf3 Nxe4 18. Nxe4 Qe7 19. fxg6 hxg6 20. Ng5 f5 21. c3 Qe2 22. Ne6 Qxf3 23. Rxf3 Kf7 24. Bf4 Be5 25.
Kf2 Rb7 26. Bxe5 dxe5 27. c4 e4 28. Rb3 Nc7 29. Nxc7 Rxc7 30. a5 Rb8 31. axb6 axb6 32. Ra6 Rcb7 33. Ke3 Kf6 34. h4 Ke5 35. Rb5 f4+ 36.
Kf2 Kd4 37. Ra3 Kxc4 38. Rbb3 Kxd5 39. Ra4 b5 40. Ra6 c4 41. Rba3 Kc5 42. Rxg6 Rd8 43. Rg5+ Kb4 44. Ra6 Rd2+ 45. Ke1 Rbd7 46. Rb6 Rd1+ 47.
Ke2 R7d2# 0-1

[Event "Early-Titled-Tuesday-Blitz-March-19-2024"]
[Site "Chess.com"]
[Date "2024.03.19"]
[Round "6"]
[White "geminithegreat"]
[Black "PabloZarnicki"]
[Result "0-1"]
[WhiteElo "2217"]
[BlackElo "2612"]
[TimeControl "180+1"]
[EndTime "9:05:58 PDT"]
[Termination "PabloZarnicki won on time"]

1. d4 Nf6 2. c4 g6 3. g3 Bg7 4. Bg2 O-O 5. Nc3 d6 6. Nf3 Nbd7 7. O-O e5 8. e4 exd4 9. Nxd4 Re8 10. Re1 h6 11. h3 Nc5 12. Rb1 Ne6 13. Be3 Ng5 14. Bxg5 hxg5 15. b4 a5 16. a3 axb4 17. axb4 Bd7 18.
Qd2 g4 19. h4 c6 20. Nb3 Be6 21. Bf1 Nd7 22. Nd4 Ne5 23. Nxe6 Nf3+ 24. Kg2 Rxe6 25. Qc2 Nxe1+ 26. Rxe1 Ra3 27. Nb1 Ra1 28. Be2 Qa8 29.
Bxg4 Re8 30. c5 dxc5 31. Qxc5 Qa2 32. Nc3 Qb2 33. Rxa1 Qxa1 34. Ne2 Qe5 0-1

[Event "Early-Titled-Tuesday-Blitz-March-19-2024"]
[Site "Chess.com"]
[Date "2024.03.19"]
[Round "6"]
[White "LiadCuba"]
[Black "Matibar"]
[Result "0-1"]
[WhiteElo "2578"]
[BlackElo "2781"]
[TimeControl "180+1"]
[EndTime "9:05:59 PDT"]
[Termination "Matibar won on time"]

1. d4 Nf6 2. c4 g6 3. Nc3 Bg7 4.
e4 O-O 5. Be2 d6 6. Be3 Nbd7 7. h4 c5 8. d5 a6 9. h5 b5 10. cxb5 axb5 11. hxg6 fxg6 12. Bxb5 Ba6 13. Bxa6 Rxa6 14. Nge2 Ng4 15. Nf4 Nxe3 16. fxe3 Qb8 17. Rb1 Rb6 18. Qc2 Ne5 19. O-O Ng4 20. Qd2 Nxe3 21.
Qxe3 Bd4 22. Qxd4 cxd4 23. Nce2 Rxb2 24. Rbd1 d3 25. Rxd3 Qb6+ 26. Kh2 Rxe2 27. Rb3 Qa6 0-1

[Event "Early-Titled-Tuesday-Blitz-March-19-2024"]
[Site "Chess.com"]
[Date "2024.03.19"]
[Round "6"]
[White "SharapovEvgeny"]
[Black "temus_galaktionov"]
[Result "0-1"]
[WhiteElo "2565"]
[BlackElo "2853"]
[TimeControl "180+1"]
[EndTime "9:06:02 PDT"]
[Termination "temus_galaktionov won by resignation"]

1. e4 c6 2. d4 d6 3. Nc3 g6 4.
f4 Bg7 5. Nf3 Nd7 6. e5 dxe5 7.
dxe5 h5 8. Be3 Nh6 9. Qd2 Nb6 10. Qxd8+ Kxd8 11. O-O-O+ Kc7 12. h3 Bf5 13. Nd4 Bd7 14. Be2 Rad8 15. Rhe1 Bc8 16. Nf3 f6 17. exf6 exf6 18.
Nh4 Bf5 19. Nxf5 Nxf5 20. Bf2 Bh6 21. Ne4 Bxf4+ 22. Kb1 Nd5 23. Nc5 Rde8 24. Bc4 Rxe1 25. Rxe1 Be3 26. Bxe3 Ndxe3 27. Be6 Nxg2 28. Rg1 Nfe3 29.
Nd3 g5 30. Kc1 h4 31. Kd2 Re8 32. Bf7 Re7 33. Bg8 f5 34. Nc5 Kd6 35. b4 b6 36.
Nb3 c5 37. bxc5+ bxc5 38. Na5 f4 39. Nc4+ Nxc4+ 40. Bxc4 f3 41. Rf1 Ne3 0-1

[Event "Early-Titled-Tuesday-Blitz-March-19-2024"]
[Site "Chess.com"]
[Date "2024.03.19"]
[Round "6"]
[White "ChempionBg"]
[Black "bennyficial"]
[Result "1-0"]
[WhiteElo "2366"]
[BlackElo "2119"]
[TimeControl "180+1"]
[EndTime "9:06:02 PDT"]
[Termination "ChempionBg won by resignation"]

1. d4 Nf6 2. c4 e6 3. Nf3 d5 4. g3 Bb4+ 5. Bd2 Be7 6. Bg2 O-O 7. O-O c6 8. Qc2 Nbd7 9. Nc3 dxc4 10. Bf4 Nd5 11. e4 Nxf4 12. gxf4 b5 13. Rad1 Rb8 14. d5 cxd5 15. exd5 Nc5 16. Nd4 Bb7 17. dxe6 Bxg2 18. Kxg2 Qc8 19. Nd5 Bh4 20. Nf5 Qb7 21. e7 Nd3 22.
exf8=Q+ Kxf8 23. Rxd3 cxd3 24. Qc5+ Kg8 25. Nxh4 Rc8 26.
Qxc8+ 1-0

[Event "Early-Titled-Tuesday-Blitz-March-19-2024"]
[Site "Chess.com"]
[Date "2024.03.19"]
[Round "6"]
[White "viktorgen2021"]
[Black "CarlosjPineror"]
[Result "1/2-1/2"]
[WhiteElo "2474"]
[BlackElo "2692"]
[TimeControl "180+1"]
[EndTime "9:06:03 PDT"]
[Termination "Game drawn by repetition"]

1. d4 Nf6 2. Nf3 e6 3. g3 b6 4. Bg2 Bb7 5. O-O Be7 6. c4 O-O 7. Nc3 Ne4 8. Qc2 Nxc3 9. Qxc3 d6 10. Rd1 Nd7 11. Qc2 c5 12. b3 Qc7 13. Bb2 Rad8 14.
Rac1 Bf6 15. dxc5 dxc5 16. h4 h6 17. Rd2 Bxb2 18. Qxb2 Nb8 19. Rcd1 Nc6 20. e3 Rxd2 21. Rxd2 Rd8 22. g4 Rd6 23. g5 hxg5 24. hxg5 Qd8 25. Rxd6 Qxd6 26. g6 fxg6 27. Qc2 Ne7 28.
Nh4 Bxg2 29. Nxg2 Qe5 30. Qd2 Kf7 31. Qd7 Qa1+ 32. Kh2 Qxa2 33. Kg3 g5 34. Qd3 Qb2 35. f4 Qf6 36. fxg5 Qxg5+ 37. Kh2 Qf5 38. Qe2 g5 39. Qh5+ Qg6 40. Qf3+ Qf5 41. Qh5+ Kf6 42. Qh8+ Kf7 43. Qh5+ 1/2-1/2

[Event "Early-Titled-Tuesday-Blitz-March-19-2024"]
[Site "Chess.com"]
[Date "2024.03.19"]
[Round "6"]
[White "BardArtem"]
[Black "toninhojit"]
[Result "1-0"]
[WhiteElo "2820"]
[BlackElo "2488"]
[TimeControl "180+1"]
[EndTime "9:06:05 PDT"]
[Termination "BardArtem won by resignation"]

1. e4 e5 2. d4 exd4 3. Qxd4 Nc6 4. Qd3 Nf6 5. Nc3 Bb4 6. Bd2 O-O 7. Nge2 d6 8. O-O-O Be6 9. f4 Bc5 10. f5 Nb4 11. Qh3 Nxa2+ 12. Nxa2 Bxa2 13. Nc3 Qd7 14. Bd3 b5 15. Nxa2 b4 16. Bxb4 Bxb4 17. Nxb4 Qa4 18. Nd5 Qa1+ 19. Kd2 Qxb2 20. Rb1 Qd4 21. Qe3 Qe5 22. Rb5 c5 23. Qg3 Qd4 24. Nxf6+ Qxf6 25. Rhb1 Rfe8 26. Rb7 a5 27. Bc4 Qd4+ 28. Qd3 Qf2+ 29. Kc3 Red8 30. Rxf7 Kh8 31. f6 g6 32. Rxh7+ 1-0

[Event "Early-Titled-Tuesday-Blitz-March-19-2024"]
[Site "Chess.com"]
[Date "2024.03.19"]
[Round "6"]
[White "GoltsevDmitry2000"]
[Black "Kolle05"]
[Result "1-0"]
[WhiteElo "2767"]
[BlackElo "2575"]
[TimeControl "180+1"]
[EndTime "9:06:06 PDT"]
[Termination "GoltsevDmitry2000 won on time"]

1. e4 e5 2. Nf3 Nc6 3. Bb5 a6 4. Ba4 Bc5 5. O-O Nge7 6. c3 Ng6 7. d4 Ba7 8. Bg5 f6 9. Be3 O-O 10. Bb3+ Kh8 11. Nbd2 d6 12. dxe5 Bxe3 13. fxe3 Ncxe5 14. Nd4 Bg4 15. Qe1 c6 16. h3 Bd7 17. Qg3 b5 18. Nf5 Qc7 19. Nf3 Bxf5 20. exf5 Nxf3+ 21. Rxf3 Ne5 22. Rf4 d5 23. e4 Nd3 24. Raf1 Nxf4 25.
Rxf4 Rae8 26. exd5 cxd5 27. Bxd5 Re1+ 28. Kh2 Rfe8 29. Qh4 Rf1 30. g3 Re2+ 31. Bg2 Rxf4 32. gxf4 Qc6 33. Qg3 Rxb2 34. Kh1 Qd6 35. Qe3 Qd7 36.
Qe6 Rd2 37. Bc6 1-0